 Dungeon Crawl Stone Soup version 0.19-b1-4-gd8a0a2a (webtiles) character file.

400 Chiseanne the Charlatan (level 6, -3/48 HPs)
             Began as a Mummy Artificer on Oct 30, 2016.
             Slain by a gnoll
             ... wielding a +0 spear
              (9 damage)
             ... on level 3 of the Dungeon.
             The game lasted 00:12:56 (8882 turns).

Chiseanne the Charlatan (Mummy Artificer)           Turns: 8882, Time: 00:12:57

Health: -3/48      AC:  5    Str: 15    XL:     6   Next: 54%
Magic:  9/9        EV: 11    Int: 11    God:
Gold:   105        SH:  0    Dex: 14    Spells: 0 memorised, 5 levels left

rFire  x . .     SeeInvis .     s - +1 whip (venom)
rCold  + . .     Gourm    .     j - +0 ring mail
rNeg   + + +     Faith    .     (no shield)
rPois  ∞         Spirit   .     (no helmet)
rElec  .         Reflect  .     (no cloak)
rCorr  .         Harm     .     (no gloves)
MR     .....                    (no boots)
Stlth  +.........               (no amulet)
                                (no ring)
                                f - ring of flight

@: no status effects
A: no food or potions, fire vulnerability, cold resistance 1, negative energy
resistance 3, torment resistance, unbreathing
a: Evoke Flight


You were on level 3 of the Dungeon.
You were not hungry.

You visited 1 branch of the dungeon, and saw 4 of its levels.

You collected 105 gold pieces.

Inventory:

Hand Weapons
 a - a +4 rapier of speed
 l - a +0 hunting sling
 q - a +0 flail of protection
 s - a +1 whip of venom (weapon)
Missiles
 g - 242 stones (quivered)
 h - 18 arrows
 k - 20 bolts
 m - 25 sling bullets
 o - a throwing net
Armour
 j - a +0 ring mail (worn)
Magical Staves
 n - an uncursed staff of fire
Jewellery
 f - a ring of flight (left hand)
Wands
 c - a wand of flame (0/48)
 d - a wand of enslavement (11/24)
 e - a wand of random effects (4/48)
Scrolls
 b - a scroll of remove curse
 i - 2 scrolls of immolation
 p - a scroll of identify


   Skills:
 * Level 3.9 Fighting
 - Level 0.7 Short Blades
 * Level 2.5 Armour
 - Level 2.1 Dodging
 - Level 0.7 Stealth
 * Level 4.0 Evocations


You had 5 spell levels left.
You didn't know any spells.

Dungeon Overview and Level Annotations

Branches:
Dungeon (4/15)
 Temple: D:4-7

Altars:


Innate Abilities, Weirdness & Mutations

You do not eat or drink.
Your flesh is vulnerable to fire.
You are immune to poison.
Your flesh is cold resistant. (rC+)
You are immune to negative energy. (rN+++)
You are immune to unholy pain and torment.
You can survive without breathing.


Message History

You rip the net and break free!
The gnoll hits you from afar with a spear!
A gnoll comes into view. It is wielding a spear.
The gnoll shouts!
The gnoll hits you from afar with a spear.
The gnoll closely misses you.
There is an open door, spattered with blood here.
Things that are here:
a halberd; a gnoll corpse x2
You hit the gnoll.
The gnoll is poisoned.
The gnoll is lightly wounded.
The gnoll barely misses you. The gnoll closely misses you.
The gnoll hits you with a spear!
* * * LOW HITPOINT WARNING * * *
The gnoll hits you with a spear.
* * * LOW HITPOINT WARNING * * *
There is an open door here.
Items here: ( )) [ ÷ † The gnoll hits you from afar with a spear!
You die...

.................................
#..##.....P.....................)
#..##....≈≈≈≈≈≈≈≈≈≈≈≈≈≈≈≈≈≈≈....≈
#..##....≈≈≈≈≈≈≈≈≈≈≈≈≈≈≈≈≈≈≈....≈
...##....≈≈#####≈≈≈≈≈≈≈≈≈≈≈≈....≈
#..##....≈≈#...#.................
..<.#....≈≈#...#############g'''#
#...#...P≈≈###)#...........#....#
#...#....≈≈≈.#g(@........).'....'
#...#....≈≈≈.#g#)()........#....#
....#....≈≈≈.#g##################
##..#....≈≈≈.#.. #..#....≈≈≈.#..
#..#....≈≈≈.#.# ##..#.P..≈≈≈.#.#
...<#....≈≈≈.#.# ##..#....≈≈###'#


You could see 2 gnolls.

Vanquished Creatures
  A gnoll shaman (D:3)
  A worker ant (D:3)
  20 gnolls (D:3)
  2 adders (D:2)
  3 worms
  4 leopard geckos
  8 bats
  4 giant cockroaches
  14 goblins
  9 hobgoblins
  21 jackals
  12 kobolds
  2 quokkas (D:3)
  3 ball pythons
  11 frilled lizards
  13 rats
128 creatures vanquished.

Vanquished Creatures (collateral kills)
  A gnoll (D:3)
  A jackal (D:3)
2 creatures vanquished.

Vanquished Creatures (others)
  2 gnolls (D:3)
2 creatures vanquished.

Grand Total: 132 creatures vanquished

Notes
Turn   | Place    | Note
-------+----------+-------------------------------------------
     0 | D:1      | Chiseanne the Mummy Artificer began the quest for the Orb.
     0 | D:1      | Reached XP level 1. HP: 15/15 MP: 2/2
   455 | D:1      | Reached XP level 2. HP: 19/21 MP: 3/3
  1219 | D:1      | Reached XP level 3. HP: 21/27 MP: 4/4
  1879 | D:2      | Reached skill level 1 in Armour
  3025 | D:2      | Reached XP level 4. HP: 28/34 MP: 6/6
  4356 | D:2      | Reached skill level 3 in Evocations
  6741 | D:2      | Noticed a stone giant
  7279 | D:3      | Reached XP level 5. HP: 34/41 MP: 7/7
  8367 | D:3      | Reached XP level 6. HP: 26/47 MP: 8/8
  8660 | D:3      | Reached skill level 4 in Evocations
  8882 | D:3      | Slain by a gnoll

Skill      XL: |  1  2  3  4  5  6 |
---------------+-------------------+-----
Dodging        | 2 |  2.1
Fighting       | 2 3 |  3.9
Armour         | 1 2 |  2.5
Evocations     | 3 4 |  4.0
Short Blades   | |  0.7
Stealth        | |  0.7

Action                   |  1- 3 |  4- 6 || total
-------------------------+-------+-------++-------
Melee: Short sword       |   108 |       ||   108
       Rapier            |    41 |   204 ||   245
       Hand axe          |    17 |       ||    17
       Whip              |       |     7 ||     7
Throw: Stone             |       |     2 ||     2
Evoke: Wand              |       |    30 ||    30
  Use: Scroll            |     3 |     5 ||     8
 Stab: Confused          |       |     1 ||     1
Armor: Leather armour    |    13 |       ||    13
       Ring mail         |    36 |    55 ||    91
Dodge: Dodged            |    93 |   110 ||   203
